 Dungeon Sprint DCSS version 0.26.1-11-gd32895ea62 (webtiles) character file.

Game seed: 16917352319082785223

7809 Zeld the Severer (level 11, -1/169 HPs)
             Began as a Minotaur Berserker on June 16, 2021.
             Was the Champion of Trog.
             Slain by a frost giant
             ... wielding a +0 battleaxe of freezing
              (13 damage)
             ... in the Dungeon (Sprint VII: "The Pits").
             The game lasted 00:06:20 (3273 turns).

Zeld the Severer (Minotaur Berserker)               Turns: 3273, Time: 00:06:21

Health: -1/169     AC: 21    Str: 26    XL:     11   Next: 1%
Magic:  3/3        EV: 13    Int:  7    God:    Trog [******]
Gold:   0          SH:  0    Dex:  9    Spells: 10/10 levels left

rFire    . . .     SeeInvis .   a - +2 executioner's axe of Trog's Generosity {antimagic, rN+}
rCold    . . .     Faith    .   (shield currently unavailable)
rNeg     + . .     Spirit   .   l - +2 plate armour
rPois    .         Reflect  .   (helmet restricted)
rElec    .         Harm     .   (no cloak)
rCorr    .         Rampage  .   (no gloves)
Will     .....     NoTele   +   (no boots)
Stlth    ..........             (no amulet)
HPRegen  0.38/turn              n - +3 ring of protection
MPRegen  0.08/turn              k - +3 ring of intelligence

@: berserking, very quick
A: retaliatory headbutt, horns 2
a: Renounce Religion, Berserk, Trog's Hand, Brothers in Arms


You were in the Dungeon.
You worshipped Trog.
Trog was exalted by your worship.
You visited 1 branch

Inventory:

Hand Weapons
 a - the +2 executioner's axe of Trog's Generosity (weapon) {antimagic, rN+}
   (Trog gifted it to you in the Dungeon)

   It reduces the magical energy of the wielder, and disrupts the spells and
   magical abilities of those hit.
   Natural abilities and divine invocations are not affected.
   It protects you from negative energy.
 b - a +4 vorpal broad axe
Armour
 l - a +2 plate armour (worn)
Jewellery
 k - a +3 ring of intelligence (right hand)
 n - a +3 ring of protection (left hand)
Scrolls
 j - 3 scrolls of remove curse
Potions
 c - 6 potions of curing
 e - 2 potions of haste
 f - 4 potions of magic
 g - 3 potions of berserk rage
 h - 2 potions of might
 i - 2 potions of invisibility
 m - 2 potions of resistance


   Skills:
 + Level 15.4 Fighting
 + Level 16.3 Axes
 + Level 15.2 Armour
 + Level 14.2 Dodging


You had 10 spell levels left.
You didn't know any spells.
Your spell library was empty.

Dungeon Overview and Level Annotations

Branches:
Dungeon (1/1)

Altars:
Ashenzari
Cheibriados
Dithmenos
Elyvilon
Fedhas
Gozag
Hepliaklqana
Kikubaaqudgha
Makhleb
Nemelex Xobeh
Okawaru
Qazlal
Ru
Sif Muna
Trog
Uskayaw
Vehumet
Wu Jian
Xom
Yredelemnul
Zin
The Shining One
Beogh
Jiyva
Lugonu


Innate Abilities, Weirdness & Mutations

You reflexively headbutt those who attack you in melee.
You have a pair of horns on your head.


Message History

The molten gargoyle blasts magma at you!
The bolt of magma hits something!
Reactivating autopickup.
The bolt of magma hits you!!
You hear a shout!
You slice the frost giant!!
The frost giant's magic leaks into the air.
The frost giant is moderately wounded.
You hear a trumpeting!
The molten gargoyle blasts magma at you!
The bolt of magma hits you!
* * * LOW HITPOINT WARNING * * *
A guardian mummy comes into view.
You slash the frost giant!
The frost giant's magic leaks into the air.
The frost giant is heavily wounded.
The frost giant hits you with a +0 battleaxe of freezing!!
* * * LOW HITPOINT WARNING * * *
The frost giant freezes you!
You die...

..)..'......#.......#
##.).#####†##.......####
.#.....................o
.#........##'##.......oZ
.#.#####..#...#.o###
##.'...#..#...#..#
...#...'..##'##9o+
...#...#..).....)####'#M
...#...#........@Cc.F.o.
...#'###...####'##......
...........#.....#......
...........'.....# .....
################## #####


You could see a frost giant, a guardian mummy, a cane toad, a molten gargoyle, a
centaur, an orc wizard and 2 orcs.

Vanquished Creatures
  A fire crab (D)
  An unseen horror (D)
  3 deep elf magi (D)
  An orc sorcerer (D)
  A cane toad (D)
  A molten gargoyle (D)
  A rime drake (D)
  An orange demon (D)
  A freezing wraith (D)
  A hellwing (D)
  A jumping spider (D)
  Prince Ribbit (D)
  A snapping turtle (D)
  An air elemental (D)
  3 redbacks (D)
  A wraith (D)
  A basilisk (D)
  3 vampire mosquitoes (D)
  A soldier ant (D)
  A water moccasin (D)
  A swamp drake (D)
  2 ice beasts (D)
  A wolf (D)
  A centaur (D)
  2 bullfrogs (D)
  A crimson imp (D)
  A jelly (D)
  An orc priest (D)
  A hound (D)
  2 orc wizards (D)
  A worker ant (D)
  3 mummies (D)
  4 river rats (D)
  2 white imps (D)
  An adder zombie (D)
  A worm (D)
  A leopard gecko (D)
  An orc (D)
  A bat (D)
  2 bat skeletons (D)
  A giant cockroach (D)
  A hobgoblin (D)
58 creatures vanquished.

Vanquished Creatures (collateral kills)
  An orc high priest (D)
  A phantasmal warrior (D)
  A troll (D)
  An orc warrior (D)
  2 orcs (D)
6 creatures vanquished.

Vanquished Creatures (others)
  A quicksilver dragon (D)
  2 deep elf master archers (D)
  An acid blob (D)
  A deep troll earth mage (D)
  A deep troll (D)
  A tormentor (D)
  A guardian mummy (D)
  2 eyes of draining (D)
  An orc wizard (D)
11 creatures vanquished.

Grand Total: 75 creatures vanquished

Notes
Turn   | Place    | Note
-------+----------+-------------------------------------------
     0 | D        | Zeld the Minotaur Berserker began the quest for the Orb.
     0 | D        | Reached XP level 1. HP: 19/19 MP: 0/0
    13 | D        | Reached skill level 4 in Axes
    13 | D        | Reached XP level 2. HP: 15/27 MP: 1/1
    79 | D        | Killed an acid blob
   110 | D        | Found a bloodstained altar of Trog.
   110 | D        | Found a shimmering blue altar of Sif Muna.
   110 | D        | Found a viscous altar of Jiyva.
   110 | D        | Found a hazy altar of Hepliaklqana.
   110 | D        | Found an opulent altar of Gozag.
   111 | D        | Found a glowing golden altar of the Shining One.
   111 | D        | Found a glowing silver altar of Zin.
   111 | D        | Found a basalt altar of Yredelemnul.
   111 | D        | Found a shimmering altar of Xom.
   111 | D        | Found an ornate altar of the Wu Jian Council.
   111 | D        | Found a sacrificial altar of Ru.
   111 | D        | Found a stormy altar of Qazlal.
   111 | D        | Found an iron altar of Okawaru.
   111 | D        | Found a sparkling altar of Nemelex Xobeh.
   111 | D        | Found a burning altar of Makhleb.
   111 | D        | Found a blossoming altar of Fedhas.
   111 | D        | Found a white marble altar of Elyvilon.
   111 | D        | Found a shadowy altar of Dithmenos.
   111 | D        | Found a snail-covered altar of Cheibriados.
   114 | D        | Found a corrupted altar of Lugonu.
   114 | D        | Found a radiant altar of Vehumet.
   114 | D        | Found a roughly hewn altar of Beogh.
   115 | D        | Found an ancient bone altar of Kikubaaqudgha.
   115 | D        | Found a hide-covered altar of Uskayaw.
   115 | D        | Found a broken altar of Ashenzari.
   162 | D        | Reached ** piety under Trog
   163 | D        | Reached skill level 5 in Axes
   409 | D        | Reached *** piety under Trog
   410 | D        | Reached XP level 3. HP: 27/35 MP: 2/2
   412 | D        | Reached skill level 5 in Fighting
   412 | D        | Reached skill level 6 in Axes
   510 | D        | Killed an eye of draining
   706 | D        | Killed a deep troll earth mage
   741 | D        | Killed a tormentor
   749 | D        | Noticed a water moccasin
   749 | D        | Noticed a deep elf mage
   750 | D        | Noticed a centaur
   750 | D        | Noticed an ice beast
   750 | D        | Noticed an ice beast
   760 | D        | Killed a water moccasin
   761 | D        | Reached skill level 8 in Axes
   761 | D        | Reached skill level 5 in Dodging
   761 | D        | Reached XP level 4. HP: 45/45 MP: 3/3
   761 | D        | Reached XP level 5. HP: 51/51 MP: 4/4
   764 | D        | Noticed a demonic crawler
   767 | D        | Noticed a tarantella
   771 | D        | Killed an ice beast
   771 | D        | Reached **** piety under Trog
   772 | D        | Reached skill level 9 in Axes
   776 | D        | Killed a centaur
   777 | D        | Reached skill level 10 in Axes
   777 | D        | Reached XP level 6. HP: 55/61 MP: 5/5
   788 | D        | HP: 1/61 [ice beast (14)]
   796 | D        | Killed an ice beast
   797 | D        | Reached skill level 11 in Axes
   799 | D        | Killed a deep elf mage
   800 | D        | Reached skill level 12 in Axes
   800 | D        | Reached XP level 7. HP: 64/70 MP: 6/6
   811 | D        | Reached ***** piety under Trog
   921 | D        | Noticed a deep elf mage
   931 | D        | Killed a deep elf mage
   931 | D        | Received a gift from Trog
   932 | D        | Reached skill level 10 in Fighting
   932 | D        | Reached skill level 13 in Axes
   932 | D        | Reached XP level 8. HP: 79/79 MP: 7/7
  1047 | D        | Noticed a hellwing
  1050 | D        | Killed a hellwing
  1051 | D        | Reached skill level 14 in Axes
  1051 | D        | Reached skill level 10 in Armour
  1091 | D        | Killed an unseen horror
  1092 | D        | Reached skill level 10 in Dodging
  1455 | D        | Noticed a deep elf mage
  1469 | D        | Killed a deep elf mage
  1470 | D        | Reached XP level 9. HP: 90/91 MP: 8/8
  1548 | D        | Noticed a molten gargoyle
  1555 | D        | Killed a molten gargoyle
  1555 | D        | Received a gift from Trog
  1766 | D        | Noticed an orc sorcerer
  1766 | D        | Noticed a troll
  1772 | D        | Noticed a freezing wraith
  1781 | D        | Killed an orc sorcerer
  1783 | D        | Killed a freezing wraith
  1785 | D        | Noticed an orc high priest
  1794 | D        | Killed an orc high priest
  1799 | D        | Killed a quicksilver dragon
  1801 | D        | Killed a troll
  1913 | D        | Killed a deep troll
  1934 | D        | Noticed a phantasmal warrior
  1944 | D        | Killed a phantasmal warrior
  1944 | D        | Received a gift from Trog
  1945 | D        | Reached XP level 10. HP: 102/102 MP: 9/9
  2009 | D        | Reached skill level 15 in Axes
  2054 | D        | Killed a deep elf master archer
  2147 | D        | Received a gift from Trog
  2340 | D        | Noticed a cane toad
  2350 | D        | Killed a cane toad
  2534 | D        | Reached ****** piety under Trog
  2536 | D        | Killed a deep elf master archer
  2731 | D        | Noticed Prince Ribbit
  2739 | D        | Received a gift from Trog
  2745 | D        | Killed Prince Ribbit
  2838 | D        | Noticed a fire crab
  2841 | D        | Killed a fire crab
  2845 | D        | Received a gift from Trog
  2846 | D        | Reached skill level 15 in Fighting
  2848 | D        | Reached skill level 16 in Axes
  3132 | D        | Noticed an orange demon
  3135 | D        | Reached skill level 15 in Armour
  3144 | D        | Killed an orange demon
  3247 | D        | Got a crystal executioner's axe {god gift}
  3248 | D        | Identified the +2 executioner's axe of Trog's Generosity
                  | {antimagic, rN+} (Trog gifted it to you in the Dungeon)
  3256 | D        | Noticed a molten gargoyle
  3257 | D        | Noticed an orc knight
  3263 | D        | Noticed a frost giant
  3265 | D        | Reached XP level 11. HP: 36/113 MP: 3/10
  3273 | D        | Slain by a frost giant

Illustrated notes

Levels and vault maps discovered:
D:        pitsprint [storerooms_1, entrance_room_1, metal_vault_8, armoury_3,
          mini_pit_1, grid_room_1, main_hall_1, silver_pit, the_coven_3,
          the_vestibule_1, steel_vault_3, golden_pit, hallway_of_sentries,
          crystal_vault_4, iron_vault_1, final_vault]

Skill      XL: |  1  2  3  4  5  6  7  8  9 10 |
---------------+-------------------------------+-----
Fighting       | 4 6 8 9 10 12 13 15 | 15.4
Axes           | 4 5 8 10 12 13 14 16 | 16.3
Armour         | 3 4 6 7 9 12 13 15 | 15.2
Dodging        | 3 5 6 8 9 11 12 14 | 14.2

Action                   |  1- 3 |  4- 6 |  7- 9 | 10-12 || total
-------------------------+-------+-------+-------+-------++-------
Melee: Hand axe          |    21 |    25 |    21 |       ||    67
       Headbutt          |     5 |     3 |    12 |    11 ||    31
       Battleaxe         |       |       |    29 |     8 ||    37
       Broad axe         |       |       |       |    55 ||    55
       Executioner's axe |       |       |       |     8 ||     8
Invok: Berserk           |     1 |       |     3 |     1 ||     5
       Brothers in Arms  |       |       |     4 |       ||     4
  Use: Potion            |       |     2 |     3 |     3 ||     8
       Scroll            |       |     2 |       |       ||     2
Armor: Animal skin       |     3 |       |       |       ||     3
       Plate armour      |     4 |    14 |    39 |    46 ||   103
Dodge: Dodged            |    20 |     5 |    12 |    65 ||   102
